 Dungeon Crawl Stone Soup version 0.21.0-3-g78d12a8 (webtiles) character file.

6041 ringo67 the Arsonist (level 10, 0/59 HPs)
             Began as a Deep Elf Fire Elementalist on Jan 13, 2018.
             Was an Elder of Vehumet.
             Slain by a yak (1 damage)
             ... on level 12 of the Dungeon on Jan 14, 2018.
             The game lasted 00:39:47 (11612 turns).

ringo67 the Arsonist (Deep Elf Fire Elementalist)  Turns: 11612, Time: 00:39:48

Health: 0/59       AC: 10    Str:  5    XL:     10   Next: 56%
Magic:  21/21      EV: 17    Int: 24    God:    Vehumet [****..]
Gold:   480        SH:  0    Dex: 15    Spells: 4/22 levels left

rFire    . . .     SeeInvis .   N - +3 scimitar
rCold    . . .     Gourm    .   (no shield)
rNeg     . . .     Faith    .   a - +1 robe
rPois    .         Spirit   .   (no helmet)
rElec    .         Reflect  .   (no cloak)
rCorr    .         Harm     .   i - +0 pair of gloves
MR       +....                  (no boots)
Stlth    ++........             (no amulet)
HPRegen  0.19/turn              I - +6 ring of protection
MPRegen  0.17/turn              t - ring of wizardry

@: about to teleport
A: no striking features
a: Renounce Religion


You were on level 12 of the Dungeon.
You worshipped Vehumet.
Vehumet was greatly pleased with you.
You were hungry.

You visited 2 branches of the dungeon, and saw 13 of its levels.
You also visited: Ossuary.

You collected 480 gold pieces.

Inventory:

Hand Weapons
 d - a +3 spear of freezing
 e - a +0 short sword
 N - a +3 scimitar (weapon)
Armour
 a - a +1 robe (worn)
 i - a +0 pair of gloves (worn)
 j - a +0 buckler
Jewellery
 m - an uncursed ring of resist corrosion
 o - a +1 ring of evasion
 t - a ring of wizardry (right hand)
 D - an uncursed ring of positive energy
 I - a +6 ring of protection (left hand)
Wands
 G - a wand of paralysis (17)
 J - a wand of acid (10)
 R - a wand of clouds (6)
Scrolls
 h - a scroll of fear
 k - 7 scrolls of identify
 l - 4 scrolls of amnesia
 r - 2 scrolls of immolation
 x - a scroll of enchant armour
 y - a scroll of remove curse
 A - 3 scrolls of teleportation
 F - a scroll of blinking {unknown}
 L - 2 scrolls of fog
 O - a scroll of magic mapping {unknown}
 Q - a scroll of noise {unknown}
Potions
 f - 5 potions of heal wounds
 g - a potion of berserk rage {unknown}
 n - a potion of might {unknown}
 p - a potion of degeneration {unknown}
 q - 5 potions of cancellation {unknown}
 s - 3 potions of invisibility {unknown}
 u - 2 potions of resistance {unknown}
 v - 2 potions of brilliance {unknown}
 z - a potion of agility {unknown}
 C - 2 potions of curing {unknown}
 E - 2 potions of ambrosia {unknown}
 H - 2 potions of lignification {unknown}
 K - 3 potions of mutation {unknown}
 M - 2 potions of flight {unknown}
Books
 b - a book of Flames

   Spells                             Type                      Level
   a - Flame Tongue                   Conjuration/Fire             1
   b - Throw Flame                    Conjuration/Fire             2
   c - Conjure Flame                  Conjuration/Fire             3
   d - Inner Flame                    Hexes/Fire                   3
   e - Sticky Flame                   Conjuration/Fire             4
   f - Fireball                       Conjuration/Fire             5
 w - a book of Minor Magic

   Spells                             Type                      Level
   a - Magic Dart                     Conjuration                  1
   b - Blink                          Translocation                2
   c - Call Imp                       Summoning                    2
   d - Slow                           Hexes                        2
   e - Conjure Flame                  Conjuration/Fire             3
   f - Mephitic Cloud                 Conjuration/Poison/Air       3
 B - a book of Callings

   Spells                             Type                      Level
   a - Summon Small Mammal            Summoning                    1
   b - Call Imp                       Summoning                    2
   c - Call Canine Familiar           Summoning                    3
   d - Summon Guardian Golem          Hexes/Summoning              3
   e - Summon Lightning Spire         Summoning/Air                4
   f - Summon Ice Beast               Ice/Summoning                4
 P - a book of Air

   Spells                             Type                      Level
   a - Shock                          Conjuration/Air              1
   b - Swiftness                      Charms/Air                   2
   c - Static Discharge               Conjuration/Air              3
   d - Airstrike                      Air                          4
   e - Lightning Bolt                 Conjuration/Air              5
Comestibles
 c - 19 rations


   Skills:
 + Level 5.1 Fighting
 + Level 8.0 Dodging
 - Level 2.4 Stealth
 + Level 6.6 Spellcasting
 + Level 9.7 Conjurations
 + Level 10.2 Fire Magic


You had 4 spell levels left.
You knew the following spells:

 Your Spells              Type           Power        Failure   Level  Hunger
a - Flame Tongue          Conj/Fire      #####        1%          1    None
b - Sticky Flame          Conj/Fire      ######..     1%          4    ###....
c - Fireball              Conj/Fire      ######....   1%          5    #####..
d - Mephitic Cloud        Conj/Pois/Air  ###.....     1%          3    None
e - Magic Dart            Conj           ####         1%          1    None
f - Airstrike             Air            #.........   9%          4    ###....


Dungeon Overview and Level Annotations

Branches:
Dungeon (13/15)            Temple (1/1) D:4
   Lair: D:8-11         Orc: D:9-12      Vaults: D:13-14

Altars:
Dithmenos
Elyvilon
Nemelex Xobeh
Okawaru
Sif Muna
Trog
Uskayaw
Vehumet
Wu Jian
Xom
Yredelemnul
Zin
Lugonu

Shops:
D:6 }

Annotations:
D:7 Joseph


Message History

There is a stone staircase leading up, spattered with blood here.
The shadow slips into darkness.
The shadow flickers and vanishes!
Deactivating autopickup; reactivate with Ctrl-A.
The yak gores you.
You climb upwards.
The yak bellows! x3 6 yaks and a zombie come into view.
The yak bellows! x5
Found 14 gold pieces and a white potion.
There is a stone staircase leading down here.
As you read the scroll of teleportation, it crumbles to dust.
You feel strangely unstable.
The yak bellows!
The shadow strikes at you from the darkness!
Ouch! That really hurt!
* * * LOW HITPOINT WARNING * * *
Reactivating autopickup.
The yak gores you.
You die...

#.!# ..#
#..# ..#
#..#...#
#..#...#
#......#
#..YY.Y#
#WY....##
#@YY....#
#YZ.Y...#
#Y......#
#.$.....#
#.Y.....#
#.......#
#.......#
#.......#


You could see 10 yaks, a shadow and a centaur warrior zombie.

Vanquished Creatures
  A two-headed ogre (D:9)
  A hornet (D:8)
  Prince Ribbit (D:7)
  Sigmund (D:5)
  A wyvern (D:9)
  A hungry ghost (D:7)
  A water moccasin (D:8)
  3 orc warriors
  An ice beast (D:5)
  A black bear (D:7)
  6 phantoms
  4 centaurs
  6 ogres
  An elf zombie (Ossuary)
  A bullfrog (D:9)
  A gnoll sergeant (D:9)
  A wyvern zombie (D:8)
  2 scorpions
  5 killer bees (D:7)
  8 wights (D:8)
  6 howler monkeys
  3 crimson imps
  2 bullfrog zombies
  2 quasits
  A human zombie (Ossuary)
  2 hounds
  2 jellies
  5 bullfrog skeletons
  3 orc priests
  The ghost of Mustardman the Vexing, a weakling FeEn (D:3)
  6 orc wizards
  A centaur skeleton (D:7)
  A gnoll shaman (D:6)
  6 worker ants
  4 iguanas
  A hound zombie (D:5)
  3 mummies
  19 gnolls
  9 adders
  An ooze (D:2)
  2 adder skeletons (D:4)
  An adder zombie (Ossuary)
  3 worms
  6 dart slugs
  5 leopard geckos
  26 orcs
  3 giant cockroaches
  11 goblins
  5 hobgoblins
  13 jackals
  10 kobolds
  3 quokkas
  2 ball pythons
  A ball python skeleton (D:5)
  7 bats
  7 frilled lizards
  2 goblin zombies (Ossuary)
  7 hobgoblin zombies (Ossuary)
  2 jackal zombies (Ossuary)
  13 kobold zombies (Ossuary)
  6 orc zombies (Ossuary)
  7 rats
  2 rat zombies (Ossuary)
269 creatures vanquished.

Notes
Turn   | Place    | Note
-------+----------+-------------------------------------------
     0 | D:1      | ringo67 the Deep Elf Fire Elementalist began the quest for the Orb.
     0 | D:1      | Reached XP level 1. HP: 10/10 MP: 6/6
   237 | D:1      | Reached XP level 2. HP: 15/15 MP: 2/8
   676 | D:1      | Reached XP level 3. HP: 19/19 MP: 7/10
  1159 | D:2      | Found a bloodstained altar of Trog.
  1166 | D:2      | Reached skill level 4 in Fire Magic
  1511 | D:2      | Reached XP level 4. HP: 24/24 MP: 9/12
  1684 | D:2      | Found a white marble altar of Elyvilon.
  1943 | D:3      | Found a basalt altar of Yredelemnul.
  2047 | D:3      | Found a radiant altar of Vehumet.
  2057 | D:3      | Became a worshipper of Vehumet
  2174 | D:3      | Noticed Mustardman's ghost (weakling FeEn)
  2176 | D:3      | Killed Mustardman's ghost
  2176 | D:3      | Reached XP level 5. HP: 28/28 MP: 11/14
  2205 | D:3      | Learned a level 4 spell: Sticky Flame
  2535 | D:2      | Reached skill level 5 in Spellcasting
  2970 | D:3      | Found a deep blue altar of Sif Muna.
  3023 | D:4      | Reached skill level 5 in Fire Magic
  3023 | D:4      | Reached XP level 6. HP: 29/32 MP: 8/15
  3322 | D:4      | Reached skill level 5 in Conjurations
  3322 | D:4      | Reached skill level 6 in Fire Magic
  3322 | D:4      | Reached XP level 7. HP: 30/36 MP: 9/16
  3373 | D:4      | Found a sparkling altar of Nemelex Xobeh.
  3629 | D:4      | Found an iron altar of Okawaru.
  4351 | D:4      | Found a staircase to the Ecumenical Temple.
  4360 | Temple   | Entered the Ecumenical Temple
  4644 | D:4      | Reached * piety under Vehumet
  4644 | D:4      | Offered knowledge of Sandblast by Vehumet.
  4652 | D:4      | Reached skill level 7 in Fire Magic
  4741 | D:4      | Learned a level 5 spell: Fireball
  4745 | D:4      | Learned a level 3 spell: Mephitic Cloud
  4754 | D:4      | Found a glowing silver altar of Zin.
  4958 | D:5      | Entered Level 5 of the Dungeon
  5112 | D:5      | Noticed Sigmund
  5207 | D:5      | Killed Sigmund
  5367 | D:5      | Reached XP level 8. HP: 41/41 MP: 12/17
  5782 | D:5      | Learned a level 1 spell: Magic Dart
  5806 | D:5      | Found a shadowy altar of Dithmenos.
  5812 | D:5      | Reached skill level 1 in Fighting
  6266 | D:6      | Reached skill level 8 in Fire Magic
  6342 | D:6      | Found Utti's Gadget Boutique.
  6393 | D:6      | Found a hide-covered altar of Uskayaw.
  6606 | D:6      | Offered knowledge of Throw Frost by Vehumet.
  6626 | D:6      | Reached ** piety under Vehumet
  7436 | D:7      | Reached XP level 9. HP: 40/49 MP: 7/18
  7458 | D:6      | Reached skill level 5 in Dodging
  7668 | D:7      | Noticed Joseph
  7775 | D:7      | Found a sand-covered staircase.
  7783 | Ossuary  | Entered an ossuary
  7889 | Ossuary  | Offered knowledge of Stone Arrow by Vehumet.
  8053 | Ossuary  | Reached *** piety under Vehumet
  8645 | D:7      | Offered knowledge of Fulminant Prism by Vehumet.
  8645 | D:7      | Reached skill level 9 in Fire Magic
  8856 | D:7      | Noticed Prince Ribbit
  8868 | D:7      | Killed Prince Ribbit
  8885 | D:7      | HP: 1/52 [Joseph/sling bullet (19)]
 10096 | D:8      | Reached **** piety under Vehumet
 10108 | D:8      | Reached XP level 10. HP: 51/58 MP: 9/19
 10343 | D:8      | Found an ornate altar of the Wu Jian Council.
 10520 | D:8      | Offered knowledge of Irradiate by Vehumet.
 10699 | D:9      | Found a shimmering altar of Xom.
 10700 | D:9      | Found a shimmering altar of Xom.
 10779 | D:9      | Found a shimmering altar of Xom.
 10779 | D:9      | Found a shimmering altar of Xom.
 10786 | D:9      | Found a shimmering altar of Xom.
 10845 | D:9      | Reached skill level 10 in Fire Magic
 10883 | D:9      | Learned a level 4 spell: Airstrike
 11113 | D:9      | Noticed a two-headed ogre
 11125 | D:9      | Killed a two-headed ogre
 11125 | D:9      | Reached skill level 5 in Fighting
 11273 | D:10     | Entered Level 10 of the Dungeon
 11348 | D:10     | Found a corrupted altar of Lugonu.
 11594 | D:10     | You fall through a shaft for 3 floors!
 11612 | D:12     | HP: 1/59 [something (35)]
 11612 | D:12     | Slain by a yak

Skill      XL: |  1  2  3  4  5  6  7  8  9 10 |
---------------+-------------------------------+-----
Conjurations   | 2 3 4 5 6 7 9 |  9.7
Spellcasting   | 4 5 6 |  6.6
Fire Magic     | 4 5 6 7 8 9 10 | 10.2
Dodging        | 4 7 8 |  8.0
Fighting       | 2 4 5 |  5.1
Stealth        | |  2.4

Action                   |  1- 3 |  4- 6 |  7- 9 | 10-12 || total
-------------------------+-------+-------+-------+-------++-------
Melee: Spear             |     4 |     3 |   154 |     1 ||   162
       Scimitar          |       |       |       |    10 ||    10
 Cast: Flame Tongue      |    58 |    83 |   332 |   106 ||   579
       Sticky Flame      |       |     1 |    24 |     6 ||    31
       Magic Dart        |       |       |     3 |       ||     3
       Fireball          |       |       |       |     2 ||     2
       Airstrike         |       |       |       |     1 ||     1
  Use: Scroll            |     4 |       |     5 |     1 ||    10
  Eat: Chunk             |     1 |     6 |    15 |     5 ||    27
       Ration            |       |       |     3 |       ||     3
Armor: Robe              |     7 |     5 |    66 |     5 ||    83
Dodge: Dodged            |    15 |    23 |   231 |    40 ||   309
       Rpst.: Scimitar   |       |       |       |     5 ||     5
